 Dungeon Crawl Stone Soup version 0.28-a0-577-gb193047a1f (webtiles) character file.

Game seed: 17329572279491245299

242 demibob the Shield-Bearer (level 5, 0/41 HPs)
             Began as a Demonspawn Fighter on Oct 2, 2021.
             Slain by Sigmund (4 damage)
             ... on level 3 of the Dungeon.
             The game lasted 00:04:04 (2199 turns).

demibob the Shield-Bearer (Demonspawn Fighter)      Turns: 2199, Time: 00:04:05

Health: 0/41       AC:  9    Str: 17    XL:     5   Next: 81%
Magic:  5/5        EV:  9    Int:  9    God:
Gold:   127        SH:  5    Dex: 13    Spells: 4/4 levels left

rFire   . . .      SeeInvis .   a - +0 trident
rCold   . . .      Faith    .   c - +0 buckler
rNeg    . . .      Spirit   .   b - +0 scale mail
rPois   .          Reflect  .   e - +2 helmet
rElec   .          Harm     .   (no cloak)
rCorr   .          Rampage  .   (no gloves)
Will    .....                   (no boots)
Stlth   ..........              (no amulet)
HPRegen 0.13/turn               (no ring)
MPRegen 0.09/turn               (no ring)

@: no status effects
A: condensation shield
a: no special abilities


You were on level 3 of the Dungeon.
You visited 1 branch of the dungeon, and saw 3 of its levels.

You collected 127 gold pieces.


Innate Abilities, Weirdness & Mutations

A meltable shield of frost defends you. (SH +0)


   Skills:
 - Level 3.0 Fighting
 + Level 4.1 Polearms
 - Level 2.6 Armour
 + Level 4.6 Shields


You had 4 spell levels left.
You didn't know any spells.
Your spell library contained the following spells:

 Spells                   Type           Power      Damage    Failure   Level
 Magic Dart               Conj           0%         1d3       80%         1
 Blink                    Tloc           N/A        N/A       90%         2
 Searing Ray              Conj           0%         2d4       90%         2
 Lesser Beckoning         Tloc           0%         N/A       99%         3
 Fulminant Prism          Conj/Hex       0%         3d6       100%        4
 Manifold Assault         Tloc           0%         N/A       100%        5

Inventory:

Hand Weapons
 a - a +0 trident (weapon)
Missiles
 g - 17 poisoned darts (quivered)
Armour
 b - a +0 scale mail (worn)
 c - a +0 buckler (worn)
 e - a +2 helmet (worn)
Wands
 f - a wand of flame (12)
 h - a wand of charming (8)
Scrolls
 d - a scroll of fear
 j - a scroll of identify {@r1}
Potions
 i - a potion of flight

Dungeon Overview and Level Annotations

Branches:
Dungeon (3/15)

Altars:

Annotations:
D:2 1 runed translucent door, Crazy Yiuf
D:3 Sigmund

###
#####............#
# .......##....#
.#.######....# .
.#.........# #
##.........#
....####.........#
#...........####
#..#######.....##
.....B{@.......#
..>...###.........
..... ##.....##..
.... ####### # ...
.. .


You could see a giant cockroach.


Message History

Sigmund is moderately wounded.
You barely miss Sigmund.
Sigmund is moderately wounded.
Sigmund casts a spell.
Sigmund flickers and vanishes!
Deactivating autopickup; reactivate with Ctrl-A.
You barely miss something. Something hits you but does no damage.
You barely miss something. Something hits you.
* * * LOW HITPOINT WARNING * * *
x2 You miss something.
A giant cockroach comes into view.
Something hits you!
* * * LOW HITPOINT WARNING * * *
x2 You miss something.
You miss something. Something hits you but does no damage.
You miss something. Something hits you but does no damage.
You closely miss something. Something hits you but does no damage.
You miss something. You miss something.
You hear some strange, mumbled words.
A puff of flame appears from out of thin air!
The puff of flame hits you but does no damage.
Your condensation shield dissipates!
You barely miss something. Something hits you but does no damage.
You barely miss something. Something hits you.
* * * LOW HITPOINT WARNING * * *
x2 You miss something.
Something hits you but does no damage.
You barely miss something. You hit something. Something hits you.
You die...

Skill      XL: |  1  2  3  4  5 |
---------------+----------------+-----
Polearms       | 2 3 4 |  4.1
Shields        | 3 4 |  4.6
Fighting       | |  3.0
Armour         | |  2.6

Action                   |  1- 3 |  4- 6 || total
-------------------------+-------+-------++-------
Melee: Trident           |   113 |   146 ||   259
  Use: Potion            |     1 |     4 ||     5
       Scroll            |       |     7 ||     7
Armor: Scale mail        |    37 |    37 ||    74
Dodge: Dodged            |    36 |    27 ||    63
Block: Buckler           |    54 |    40 ||    94

Levels and vault maps discovered:
D:1:      amcnicky_arrival_underground_garden, layout_loops_ring,
          kennysheep_flooded_box, dk_noncrumbling_2
D:2:      layout_rooms, minmay_indecisive_spiral, uniq_crazy_yiuf_cottage,
          uniq_robin
D:3:      layout_rooms, chequers_serial_rivers_micro_e,
          nicolae_underground_beach, uniq_sigmund, uniq_natasha

Notes
Turn   | Place    | Note
-------+----------+-------------------------------------------
     0 | D:1      | demibob the Demonspawn Fighter began the quest for the Orb.
     0 | D:1      | Reached XP level 1. HP: 18/18 MP: 1/1
   159 | D:1      | Reached skill level 2 in Polearms
   286 | D:1      | Reached skill level 3 in Shields
   286 | D:1      | Gained mutation: A meltable shield of frost defends you.
                  | (SH +0) [demonic ancestry]
   286 | D:1      | Reached XP level 2. HP: 24/24 MP: 2/2
   775 | D:2      | Reached XP level 3. HP: 27/29 MP: 3/3
  1140 | D:2      | Reached skill level 3 in Polearms
  1144 | D:2      | Reached XP level 4. HP: 5/35 MP: 4/4
  1402 | D:2      | Found a runed translucent door.
  1403 | D:2      | Noticed Crazy Yiuf
  1420 | D:2      | Noticed Robin
  1431 | D:2      | Killed Robin
  1463 | D:2      | Reached skill level 4 in Shields
  1710 | D:3      | Noticed Natasha
  1717 | D:3      | Killed Natasha
  1718 | D:3      | Reached XP level 5. HP: 31/41 MP: 5/5
  1873 | D:3      | Reached skill level 4 in Polearms
  2146 | D:3      | Noticed Sigmund
  2196 | D:3      | HP: 4/41 [something (1)]
  2199 | D:3      | Slain by Sigmund

Vanquished Creatures
  A scorpion (D:3)
  Natasha (D:3)
  Robin (D:2)
  7 adders
  A dart slug (D:3)
  3 worms
  3 orcs
  6 endoplasms
  4 giant cockroaches
  15 goblins
  6 hobgoblins
  2 quokkas (D:2)
  4 ball pythons
  5 bats
  4 frilled lizards
  4 kobolds
  4 rats
71 creatures vanquished.

Vanquished Creatures (others)
  2 fungi (D:2)
2 creatures vanquished.

Grand Total: 73 creatures vanquished

Table legend: (Time is in decaauts)
 A = Elapsed time spent in this place.
 B = Non-inter-level travel time spent in this place.
 C = Inter-level travel time spent in this place.
 D = Time resting spent in this place.
 E = Time spent auto-exploring this place.
 F = Levels seen in this place.
 G = Mean time per level.
                   A        B        C        D        E       F      G
               +--------+--------+--------+--------+--------+-----+--------+
         Total |   2218 |   2188 |     30 |    246 |   1466 |   3 |  739.3 |
       Dungeon |   2218 |   2188 |     30 |    246 |   1466 |   3 |  739.3 |
               +--------+--------+--------+--------+--------+-----+--------+

Top non-repeatable levels by time:
     D:2: 922 daAuts
     D:1: 776 daAuts
     D:3: 520 daAuts

Table legend:
 A = Non-vault XP
 B = Vault XP
 C = Vault XP percentage of total XP
 D = Non-vault monster count
 E = Vault monster count
 F = Vault count percentage of total count
                 A         B        C        D         E       F
            +---------+---------+-------+---------+---------+-------
      Total |     266 |      80 |  23.1 |      53 |      18 |  25.4
            +---------+---------+-------+---------+---------+-------
        D:1 |      28 |       0 |   0.0 |      19 |       0 |   0.0
        D:2 |      90 |      45 |  33.3 |      22 |      17 |  43.6
        D:3 |     148 |      35 |  19.1 |      12 |       1 |   7.7
            +---------+---------+-------+---------+---------+-------
